 Dungeon Crawl Stone Soup version 0.21-a0-442-g848f44b (webtiles) character file.

177851 smurf the Brawler (level 17, -8/180 HPs)
             Began as a Troll Monk on Nov 12, 2017.
             Was a High Priest of Okawaru.
             Mangled by an eight-headed hydra (10 damage)
             ... called by a spriggan druid
             ... on level 4 of the Swamp.
             The game lasted 00:55:02 (27638 turns).

smurf the Brawler (Troll Monk)                     Turns: 27638, Time: 00:55:03

Health: -8/180     AC: 23    Str: 28    XL:     17   Next: 55%
Magic:  0/20       EV: 11    Int: 10    God:    Okawaru [*****.]
Gold:   1313       SH:  0    Dex:  8    Spells: 16/16 levels left

rFire    . . .     SeeInvis .     - Unarmed
rCold    + + .     Gourm    +   (no shield)
rNeg     . . .     Faith    .   G - quicksilver dragon scales
rPois    +         Spirit   +   k - +3 hat of the Battered Hells {rC+ Int+4}
rElec    +         Reflect  .   a - +2 cloak
rCorr    .         Harm     .   (gloves unavailable)
MR       +++..                  (boots unavailable)
Stlth    +++.......             g - amulet of guardian spirit
HPRegen  0.80/turn              q - ring "Iqebb" {+Blink rElec rPois rC+ Dex-4}
MPRegen  0.17/turn              F - ring of stealth

@: heroism, finesse, very slightly contaminated, very slow
A: unfitting armour, claws 3, fast metabolism 3, gourmand, magic resistance 1,
regeneration 1, shaggy fur 1, tough skin 2, evolution 1
a: Heroism, Finesse, Renounce Religion, Evoke Blink


You were on level 4 of the Swamp.
You worshipped Okawaru.
Okawaru was extremely pleased with you.
You were not hungry.

You visited 5 branches of the dungeon, and saw 28 of its levels.
You also visited: Bailey and Ice Cave.

You collected 3664 gold pieces.
You spent 2351 gold pieces at shops.

Inventory:

Hand Weapons
 j - a +3 whip of electrocution
Missiles
 V - 27 large rocks (quivered)
Armour
 a - a +2 cloak (worn)
 k - the +3 hat of the Battered Hells (worn) {rC+ Int+4}
   (Okawaru gifted it to you on level 9 of the Dungeon)

   It affects your intelligence (+4).
   It protects you from cold.
 v - a +0 large shield
 G - quicksilver dragon scales (worn)
 T - a +1 shield of poison resistance
Jewellery
 g - an amulet of guardian spirit (around neck)
 q - the ring "Iqebb" (left claw) {+Blink rElec rPois rC+ Dex-4}
   (You found it in an ice cave)

   [ring of protection from cold]

   It affects your dexterity (-4).
   It protects you from cold.
   It insulates you from electricity.
   It protects you from poison.
   It lets you blink.
 r - an uncursed ring of fire
 B - an uncursed ring of flight
 F - a ring of stealth (right claw)
 X - an uncursed ring of positive energy
Wands
 e - a wand of scattershot (8/9)
 n - a wand of lightning (4/15)
 u - a wand of confusion (24/48)
 x - a wand of flame (19/48)
 D - a wand of acid (9/15)
 H - a wand of digging (10/24)
 J - a wand of digging (11/24)
 K - a wand of polymorph (18/24)
 Z - a wand of disintegration (11/24)
Scrolls
 d - 4 scrolls of recharging
 h - 7 scrolls of teleportation
 i - 10 scrolls of remove curse
 p - a scroll of silence
 y - 3 scrolls of holy word
 z - 3 scrolls of magic mapping
 L - a scroll of fog
 N - a scroll of amnesia
 P - 3 scrolls of enchant armour
 U - 2 scrolls of summoning
Potions
 f - a potion of invisibility
 l - 4 potions of flight
 m - 6 potions of brilliance
 s - 2 potions of cancellation
 t - 4 potions of berserk rage
 w - 5 potions of resistance
 A - 6 potions of haste
 C - 4 potions of agility
 E - a potion of ambrosia
 I - 6 potions of heal wounds
 M - 8 potions of curing
 Y - 4 potions of might
Miscellaneous
 O - a phial of floods
Comestibles
 b - 13 bread rations
 c - 4 royal jellies
 o - 11 meat rations
 W - 2 fruits


   Skills:
 + Level 14.2(19.2) Fighting
 - Level 1.2(6.2) Maces & Flails
 - Level 8.4(13.4) Throwing
 + Level 7.6(12.6) Armour
 - Level 2.4(7.4) Dodging
 - Level 1.0(6.0) Stealth
 - Level 9.0(14.0) Shields
 + Level 18.3(23.3) Unarmed Combat
 - Level 5.6 Invocations
 - Level 2.0 Evocations


You had 16 spell levels left.
You didn't know any spells.

Dungeon Overview and Level Annotations

Branches:
Dungeon (15/15)            Temple (1/1) D:6            Lair (6/6) D:8
  Swamp (4/4) Lair:4        Snake (0/4) Lair:4        Slime (0/5) Lair:5
    Orc (2/2) D:10            Elf (0/3) Orc:2        Vaults (0/5) D:13
 Depths (0/5) D:15

Altars:
Ashenzari
Cheibriados
Dithmenos
Elyvilon
Fedhas
Gozag
Hepliaklqana
Kikubaaqudgha
Makhleb
Nemelex Xobeh
Okawaru
Qazlal
Ru
Sif Muna
Trog
Uskayaw
Vehumet
Wu Jian
Xom
Yredelemnul
Zin
The Shining One
Beogh
Jiyva

Shops:
D:5 %   D:7 [   D:9 *   D:13 !   D:14 *   Orc:2 ([(*


Innate Abilities, Weirdness & Mutations

You are too large for most types of armour.
You have claws for hands.
Your metabolism is lightning-fast.
You like to eat raw meat.
Your natural rate of healing is unusually fast.
You are covered in fur. (AC +1)
You have very tough skin. (AC +2)
You are resistant to hostile enchantments. (MR+)
You evolve.


Message History

Unknown command.
Evoke which item? (* to show all) (? for menu, Esc to quit)
Okay, then.
Unknown command.
Evoke which item? (* to show all) (? for menu, Esc to quit)
Okay, then.
Unknown command.
You feel much better. The six-headed hydra bites you.
* * * LOW HITPOINT WARNING * * *
The six-headed hydra closely misses you.
The six-headed hydra bites you!
* * * LOW HITPOINT WARNING * * *
The six-headed hydra bites you.
* * * LOW HITPOINT WARNING * * *
The six-headed hydra bites you but does no damage.
The six-headed hydra misses you. The eight-headed hydra bites you!
* * * LOW HITPOINT WARNING * * *
The eight-headed hydra closely misses you.
The eight-headed hydra bites you!
You die...

.♣ .♣♣ §..♣♣ .≈..♣
♣.≈≈.♣♣ ♣♣♣♣≈.≈≈.≈§
♣≈..≈≈≈≈≈.≈
♣♣.≈≈≈..♣§.
♣♣♣♣≈D@≈≈≈..♣
♣.≈≈≈D≈≈≈≈≈≈♣
♣.≈≈≈≈≈≈≈≈≈<♣ ♣♣
♣♣≈≈≈.≈≈≈≈..≈§ ♣♣.
♣♣♣♣...♣♣♣♣≈..... ♣≈.
♣≈≈♣≈).♣♣♣..♣..≈≈
♣♣≈♣♣.≈††≈≈≈≈.≈≈≈..≈≈
♣♣§≈.<.≈≈.≈§♣♣.≈≈≈≈≈.
.♣♣♣≈≈≈≈[♣≈≈.≈≈[♣.≈≈≈≈


You could see an eight-headed hydra and a six-headed hydra.

Vanquished Creatures
  Jorgrun (Swamp:2)
  Rupert (Lair:6)
  Kirke (Lair:5)
  A thorn hunter (Swamp:2)
  2 azure jellies (Lair:5)
  5 orc warlords
  An emperor scorpion (D:15)
  Louise (Swamp:4)
  The ghost of mortelune the Bludgeoner, a journeyman GrFi of Okawaru (Orc:2)
  A stone giant (D:10)
  Nessos (Lair:5)
  A dire elephant (D:15)
  Josephine (D:10)
  An ettin (Orc:1)
  The ghost of Autsider the Fighter, a journeyman MiBe of Trog (D:13)
  Fannar (Lair:3)
  13 hydras
  A vault guard (D:13)
  A merfolk avatar (Lair:6)
  A rakshasa (D:14)
  2 ice dragons (IceCv)
  3 centaur warriors
  2 ghost crabs
  14 alligators
  A tengu warrior (D:12)
  7 two-headed ogres
  3 orc high priests (Orc:2)
  Urug (D:12)
  2 spriggans (Swamp:1)
  2 spriggan druids
  A wizard (D:15)
  4 swamp dragons
  A sea snake (Lair:6)
  A shambling mangrove (Swamp:3)
  A harpy (Lair:6)
  A deep elf mage (D:15)
  8 orc sorcerers
  7 ugly things
  5 orc knights
  A manticore (D:15)
  2 cyclopes
  14 elephants (Lair:6)
  Maurice (D:10)
  Joseph (D:9)
  5 black mambas
  2 ice statues (IceCv)
  Psyche (D:9)
  5 kobold demonologists
  5 gargoyles
  An efreet (D:15)
  11 spiny frogs
  4 centaur skeletons
  13 komodo dragons
  5 rime drakes
  2 freezing wraiths
  The ghost of wiffwaff the Ruffian, an amateur TrMo (D:4)
  A tengu conjurer (D:15)
  A troll (shapeshifter) (D:14)
  2 wind drakes (Lair:6)
  15 trolls
  A polar bear (Lair:6)
  5 tyrant leeches
  12 hornets
  4 bog bodies
  4 hippogriffs
  12 blink frogs
  15 slime creatures
  A meliai zombie (D:12)
  A centaur simulacrum (D:15)
  A vampire (D:12)
  7 wyverns
  2 basilisks
  5 wraiths (D:10)
  2 shadows
  A human (D:7)
  4 hogs (D:7)
  47 yaks
  3 hungry ghosts
  9 vampire mosquitoes
  12 swamp worms
  3 insubstantial wisps (Swamp:1)
  2 nagas (Lair:4)
  6 wargs
  An acid dragon (D:12)
  11 porcupines
  14 water moccasins
  3 swamp drakes (Swamp:3)
  52 orc warriors
  4 sky beasts
  A black bear (D:11)
  17 ice beasts
  4 phantoms
  17 ogres
  3 wolves (Lair:4)
  The ghost of zkyp the Poker, an amateur MfMo (D:3)
  9 centaurs
  3 eyes of draining
  11 crocodiles
  14 bullfrogs
  2 gnoll sergeants
  2 big kobolds (D:14)
  3 scorpions
  A water moccasin skeleton (D:4)
  A wyvern skeleton (D:11)
  14 killer bees
  A hornet simulacrum (D:14)
  3 howler monkeys (D:12)
  A vampire bat (Orc:2)
  3 electric eels
  6 crimson imps
  3 centaur zombies
  2 quasits
  A bullfrog zombie (D:12)
  5 jellies
  2 bullfrog skeletons
  9 hounds
  24 orc priests
  27 orc wizards
  4 iguanas
  14 worker ants
  A killer bee zombie (D:5)
  A hound zombie (D:9)
  2 hound skeletons
  A worker ant zombie (D:5)
  17 gnolls
  10 adders
  A howler monkey skeleton (D:4)
  4 shadow imps
  12 white imps (Lair:5)
  2 oozes
  A worm (D:2)
  2 adder skeletons
  4 leopard geckos
  140 orcs
  15 bats
  A bat zombie (D:1)
  4 giant cockroaches
  14 goblins
  7 hobgoblins
  17 jackals
  3 quokkas
  8 frilled lizards
  A jackal skeleton (D:7)
  A jackal zombie (D:9)
  19 kobolds
  A leopard gecko zombie (D:1)
  A quokka skeleton (D:2)
  3 rats
941 creatures vanquished.

Vanquished Creatures (collateral kills)
  2 killer bees (D:9)
  2 gnolls (D:9)
4 creatures vanquished.

Vanquished Creatures (others)
  A human (Lair:5)
  A porcupine (Lair:5)
  A crocodile (Lair:5)
  An orc priest (Orc:2)
  3 fungi
  3 plants
10 creatures vanquished.

Grand Total: 955 creatures vanquished

Notes
Turn   | Place    | Note
-------+----------+-------------------------------------------
     0 | D:1      | smurf the Troll Monk began the quest for the Orb.
     0 | D:1      | Reached XP level 1. HP: 22/22 MP: 0/0
   252 | D:1      | Reached XP level 2. HP: 28/29 MP: 1/1
   604 | D:1      | Reached XP level 3. HP: 32/36 MP: 2/2
   778 | D:1      | Reached skill level 4 in Unarmed Combat
  1184 | D:2      | Reached XP level 4. HP: 45/45 MP: 1/3
  2285 | D:3      | Noticed zkyp's ghost (amateur MfMo)
  2292 | D:3      | Killed zkyp's ghost
  2292 | D:3      | Reached skill level 5 in Unarmed Combat
  2292 | D:3      | Reached XP level 5. HP: 53/53 MP: 4/4
  2515 | D:4      | Noticed wiffwaff's ghost (amateur TrMo)
  2526 | D:4      | Killed wiffwaff's ghost
  2526 | D:4      | Reached skill level 6 in Unarmed Combat
  2526 | D:4      | Reached XP level 6. HP: 32/62 MP: 2/5
  2822 | D:4      | Reached skill level 1 in Maces & Flails
  2877 | D:4      | Reached XP level 7. HP: 67/70 MP: 6/6
  3061 | D:4      | Found an opulent altar of Gozag.
  3362 | D:5      | Entered Level 5 of the Dungeon
  3436 | D:5      | Reached skill level 7 in Unarmed Combat
  3439 | D:5      | Reached skill level 5 in Fighting
  3536 | D:5      | Reached XP level 8. HP: 54/81 MP: 7/7
  3858 | D:5      | Found Aniopuz's Food Boutique.
  3908 | D:6      | Reached skill level 8 in Unarmed Combat
  4005 | D:6      | Reached skill level 1 in Evocations
  4140 | D:6      | Found a stormy altar of Qazlal.
  4142 | D:6      | Noticed an air elemental
  4522 | D:6      | Found a staircase to the Ecumenical Temple.
  4568 | Temple   | Entered the Ecumenical Temple
  4663 | Temple   | Became a worshipper of Warmaster Okawaru
  4663 | Temple   | Reached * piety under Okawaru
  4663 | Temple   | Reached ** piety under Okawaru
  4779 | D:7      | Reached skill level 9 in Unarmed Combat
  4928 | D:7      | Noticed a hornet
  4931 | D:7      | Paralysed by a hornet for 2 turns
  4939 | D:7      | Killed a hornet
  4939 | D:7      | Reached XP level 9. HP: 54/92 MP: 2/9
  5177 | D:7      | Reached skill level 1 in Invocations
  5537 | D:7      | Found Oma Ytek's Antique Armour Emporium.
  5917 | D:7      | Reached skill level 10 in Unarmed Combat
  5920 | D:7      | Reached *** piety under Okawaru
  6473 | D:8      | Found a staircase to the Lair.
  6482 | D:8      | Reached XP level 10. HP: 84/102 MP: 7/11
  6765 | D:8      | Noticed a two-headed ogre
  6774 | D:8      | Killed a two-headed ogre
  6774 | D:8      | Reached skill level 11 in Unarmed Combat
  7423 | D:9      | Noticed Psyche
  7425 | D:9      | Noticed Joseph
  7439 | D:9      | Killed Psyche
  7439 | D:9      | Reached **** piety under Okawaru
  7445 | D:9      | Killed Joseph
  7575 | D:9      | Reached skill level 5 in Invocations
  7613 | D:9      | Noticed an orange demon
  7616 | D:9      | Noticed a rust devil
  7624 | D:9      | Noticed a smoke demon
  7624 | D:9      | Reached ***** piety under Okawaru
  7624 | D:9      | Reached skill level 12 in Unarmed Combat
  7673 | D:9      | Received a gift from Okawaru
  7677 | D:9      | Got a faintly humming hat {god gift}
  7693 | D:9      | Identified the +3 hat of the Battered Hells {rC+ Int+4} (Okawaru gifted it to you on level 9 of the Dungeon)
  7715 | D:9      | Found a flagged portal.
  7800 | Bailey   | Entered a bailey
  7925 | Bailey   | Found a bloodstained altar of Trog.
  8363 | D:9      | Reached XP level 11. HP: 99/111 MP: 11/14
  8571 | D:9      | Found Gij Myrr's Assorted Antiques.
  8671 | D:10     | Entered Level 10 of the Dungeon
  8763 | D:10     | Found a shimmering altar of Xom.
  8822 | D:10     | Reached skill level 1 in Shields
  9152 | D:10     | Noticed a two-headed ogre
  9159 | D:10     | Killed a two-headed ogre
  9251 | D:10     | Reached skill level 13 in Unarmed Combat
  9261 | D:10     | Noticed Josephine
  9268 | D:10     | Killed Josephine
  9417 | D:10     | Found a staircase to the Orcish Mines.
  9594 | D:10     | Noticed Maurice
  9594 | D:10     | Paralysed by Maurice for 3 turns
  9601 | D:10     | Killed Maurice
  9999 | Lair:1   | Entered Level 1 of the Lair of Beasts
 10022 | Lair:1   | Noticed a seven-headed hydra
 10054 | Lair:1   | Killed a seven-headed hydra
 10374 | Lair:1   | Received a gift from Okawaru
 10919 | Lair:2   | Reached XP level 12. HP: 123/123 MP: 12/15
 11302 | Lair:2   | Reached skill level 1 in Throwing
 11345 | Lair:2   | Reached skill level 14 in Unarmed Combat
 11971 | Lair:3   | Noticed Fannar
 11976 | Lair:3   | Killed Fannar
 11976 | Lair:3   | Received a gift from Okawaru
 12229 | Lair:3   | Noticed a five-headed hydra
 12235 | Lair:3   | Killed a five-headed hydra
 12601 | Lair:4   | Found a staircase to the Snake Pit.
 12704 | Lair:3   | Reached skill level 5 in Shields
 12940 | Lair:4   | Reached skill level 10 in Fighting
 13034 | Lair:4   | Received a gift from Okawaru
 13464 | Lair:4   | Found a staircase to the Swamp.
 14053 | Lair:5   | Identified a scroll of acquirement
 14076 | Lair:5   | Noticed Nessos
 14098 | Lair:5   | Killed Nessos
 14098 | Lair:5   | Received a gift from Okawaru
 14107 | Lair:5   | Found a frozen archway.
 14116 | Lair:5   | Noticed Kirke
 14150 | Lair:5   | Reached XP level 13. HP: 83/133 MP: 13/16
 14172 | Lair:5   | Killed Kirke
 14172 | Lair:5   | Received a gift from Okawaru
 14172 | Lair:5   | Reached skill level 5 in Throwing
 14194 | IceCv    | Entered an ice cave
 14201 | IceCv    | Received a gift from Okawaru
 14622 | IceCv    | Got a warped amber ring
 14623 | IceCv    | Identified the ring "Iqebb" {+Blink rElec rPois rC+ Dex-4} (You found it in an ice cave)
 14832 | Lair:5   | Found a runed door.
 14833 | Lair:5   | Found a viscous altar of Jiyva.
 14834 | Lair:5   | Noticed an azure jelly
 14835 | Lair:5   | Found a staircase to the Slime Pits.
 14835 | Lair:5   | Noticed an azure jelly
 14844 | Lair:5   | Killed an azure jelly
 14844 | Lair:5   | Reached skill level 15 in Unarmed Combat
 14849 | Lair:5   | Killed an azure jelly
 14849 | Lair:5   | Received a gift from Okawaru
 15500 | Lair:6   | Entered Level 6 of the Lair of Beasts
 15524 | Lair:6   | Received a gift from Okawaru
 15949 | Lair:6   | Paralysed by a hornet for 1 turns
 15978 | Lair:6   | Noticed Rupert
 15978 | Lair:6   | Paralysed by Rupert for 6 turns
 16003 | Lair:6   | Killed Rupert
 16003 | Lair:6   | Reached XP level 14. HP: 100/146 MP: 14/17
 16036 | Lair:6   | Received a gift from Okawaru
 16047 | Lair:6   | Got a heavily jewelled robe {god gift}
 16058 | Lair:6   | Identified the +2 robe of Ider {rN+ Str+7 Int+6} (Okawaru gifted it to you on level 6 of the Lair of Beasts)
 17411 | Orc:1    | Entered Level 1 of the Orcish Mines
 17446 | Orc:1    | Noticed a stone giant
 17500 | D:10     | Killed a stone giant
 17864 | Orc:1    | Noticed an orc warlord
 17904 | Orc:1    | Killed an orc warlord
 17949 | Orc:1    | Reached skill level 16 in Unarmed Combat
 17951 | Orc:1    | Noticed an orc warlord
 18065 | Orc:1    | Killed an orc warlord
 18513 | Orc:1    | Found the +5 demon whip "Spellbinder" {antimagic, MR+}
 18585 | Orc:2    | Entered Level 2 of the Orcish Mines
 18689 | Orc:2    | Noticed an orc warlord
 18717 | Orc:2    | Killed an orc warlord
 18909 | Orc:2    | Found a roughly hewn altar of Beogh.
 18929 | Orc:2    | Found a staircase to the Elven Halls.
 18960 | Orc:2    | Noticed mortelune's ghost (journeyman GrFi)
 18975 | Orc:2    | Killed mortelune's ghost
 18982 | Orc:2    | Noticed an orc warlord
 18990 | Orc:2    | Killed an orc warlord
 18990 | Orc:2    | Received a gift from Okawaru
 19086 | Orc:2    | Found a roughly hewn altar of Beogh.
 19092 | Orc:2    | Reached XP level 15. HP: 156/156 MP: 18/18
 19097 | Orc:2    | Found Deep's Weapon Shop.
 19157 | Orc:2    | Received a gift from Okawaru
 19158 | Orc:2    | Gained mutation: Scrolls take you a little longer to read. [a neqoxec]
 19408 | Orc:2    | Found a roughly hewn altar of Beogh.
 19497 | Orc:2    | Noticed an orc warlord
 19510 | Orc:2    | Killed an orc warlord
 19523 | Orc:2    | Received a gift from Okawaru
 19677 | Orc:2    | Found Fueg's Antique Armour Shop.
 19677 | Orc:2    | Found a roughly hewn altar of Beogh.
 19690 | Orc:2    | Found Ryemir's Antique Weapon Boutique.
 19728 | Orc:2    | Found a roughly hewn altar of Beogh.
 19780 | Orc:2    | Found a roughly hewn altar of Beogh.
 19783 | Orc:2    | Found Qofuwal's Assorted Antiques.
 19805 | Orc:2    | Bought a potion of heal wounds for 105 gold pieces
 19805 | Orc:2    | Bought a scroll labeled YWOILIUROF for 21 gold pieces
 19805 | Orc:2    | Bought a bronze ring for 105 gold pieces
 19874 | Orc:2    | Found a roughly hewn altar of Beogh.
 20039 | D:7      | Bought quicksilver dragon scales for 1500 gold pieces
 20358 | D:11     | Reached skill level 1 in Armour
 21032 | D:12     | Received a gift from Okawaru
 21057 | D:12     | Noticed Urug
 21090 | D:12     | Killed Urug
 21444 | D:12     | Received a gift from Okawaru
 21516 | D:13     | Found Hawapin's Distillery.
 21557 | D:13     | Bought a potion of heal wounds for 65 gold pieces
 21557 | D:13     | Bought a potion of might for 52 gold pieces
 21557 | D:13     | Bought a potion of haste for 130 gold pieces
 21557 | D:13     | Bought a potion of heal wounds for 65 gold pieces
 21568 | D:13     | Reached skill level 17 in Unarmed Combat
 21568 | D:13     | Reached XP level 16. HP: 169/169 MP: 19/19
 21636 | D:13     | Found an ornate altar of the Wu Jian Council.
 21695 | D:13     | Found a gate to the Vaults.
 22211 | D:13     | Identified Sif Muna's Papyrus of the Enchanting Frostbite
 22285 | D:13     | Noticed Autsider's ghost (journeyman MiBe)
 22296 | D:13     | Killed Autsider's ghost
 22416 | D:14     | Received a gift from Okawaru
 22854 | D:14     | Received a gift from Okawaru
 22981 | D:14     | Found Suzin's Assorted Antiques.
 22989 | D:14     | Bought 2 potions of might for 224 gold pieces
 22989 | D:14     | Bought a scroll of teleportation for 84 gold pieces
 23425 | D:15     | Entered Level 15 of the Dungeon
 23446 | D:15     | Reached skill level 5 in Armour
 23888 | D:15     | Found a staircase to the Depths.
 24554 | Swamp:1  | Entered Level 1 of the Swamp
 24649 | Swamp:1  | Found a sacrificial altar of Ru.
 24682 | Swamp:1  | Reached XP level 17. HP: 114/178 MP: 11/20
 25050 | Swamp:1  | Lost mutation: Scrolls take you a little longer to read. [potion of mutation]
 25050 | Swamp:1  | Gained mutation: You evolve. [potion of mutation]
 25050 | Swamp:1  | Gained mutation: You are resistant to hostile enchantments. (MR+) [potion of mutation]
 25696 | Swamp:2  | Received a gift from Okawaru
 25947 | Swamp:2  | Reached skill level 18 in Unarmed Combat
 25953 | Swamp:2  | Noticed Jorgrun
 25978 | Swamp:2  | Killed Jorgrun
 25978 | Swamp:2  | Received a gift from Okawaru
 26373 | Swamp:2  | Received a gift from Okawaru
 26818 | Swamp:3  | Received a gift from Okawaru
 27438 | Swamp:4  | Entered Level 4 of the Swamp
 27509 | Swamp:4  | Noticed Louise
 27524 | Swamp:4  | Killed Louise
 27530 | Swamp:4  | Received a gift from Okawaru
 27638 | Swamp:4  | HP: 9/180 [six-headed hydra (5)]
 27638 | Swamp:4  | HP: 2/180 [eight-headed hydra[a spriggan druid] (7)]
 27638 | Swamp:4  | Mangled by an eight-headed hydra

Vault maps used:
D:1:      saegor_arrival_fortress
D:2:      minmay_misc_feat_four_crosses
D:3:      first_bread
D:4:      kennysheep_spiral_hall, nicolae_overflow_hidden_temple,
          kennysheep_generic_room_5
D:5:      serial_shops, nicolae_shop_window_shopping, uniq_crazy_yiuf_cottage
D:6:      minmay_temple_entry_glassed_door, nicolae_qazlal_style_of_elements
D:7:      serial_shops, nicolae_shop_crystal, grunt_livestock
D:8:      grunt_lair_entry_orc_guard_hut, serial_bayou_pond_c
D:9:      serial_shops, shop, serial_glass, glass_columns_b, glass_columns_b,
          lightli_bailey_entry_fortress, kennysheep_generic_room_9, uniq_psyche,
          uniq_joseph
D:10:     erik_orc_3, basic_altar, uniq_maurice, uniq_josephine
D:12:     uniq_urug
D:13:     david_vaults_5, serial_shops, nicolae_shop_trees, basic_altar
D:14:     serial_shops, shop, serial_bayou_pond_a
D:15:     hangedman_depths_entry_try_elsewhere_first
Temple:   grunt_wide_crystal_templ
Lair:1:   infiniplex_staircase_pool
Lair:2:   nicolae_lair_grove_arrangements, serial_bayou_shore_b
Lair:3:   beast_lair_carwin_9, uniq_fannar
Lair:4:   nicolae_swamp_entry_splash_gauntlet, guppyfry_snake_entry_island,
          serial_bayou_shore_a, serial_bayou_shore_b, grunt_megastairs_3,
          infiniplex_staircase_pool_2, serial_bayou_shore_b
Lair:5:   slime_altar_2, portal_ice_cave_entry_imps, uniq_kirke, uniq_nessos
Lair:6:   gammafunk_lair_ancient_temple, uniq_rupert
Swamp:1:  nicolae_swamp_godswood
Swamp:2:  evilmike_swamp_ruin_rubble_2, swamp_pool1, uniq_jorgrun
Swamp:3:  evilmike_swamp_ruin_house_2, cheibrodos_swamp_kobolds
Swamp:4:  swamp, uniq_louise
Orc:1:    minmay_orc_treasury
Orc:2:    grunt_orc_community_town_hall, grunt_orc_community_big_house_2,
          grunt_orc_community_big_house_2, grunt_orc_community_house_2,
          grunt_orc_community_house_1, grunt_orc_community_house_2,
          grunt_orc_community_house_1, grunt_orc_community_house_3,
          roderic_batcave, kennysheep_orc_chapel
Bailey:   bailey_axe_3, bailey
IceCv:    ice_cave_small_dragons

Skill      XL: |  1  2  3  4  5  6  7  8  9 10 11 12 13 14 15 16 17 |
---------------+----------------------------------------------------+-----
Unarmed Combat | 4 5 6 7 9 10 12 13 14 15 16 17 18 | 18.3
Fighting       | 3 4 5 6 7 8 9 10 11 12 13 14 | 14.2
Maces & Flails | 1 |  1.2
Evocations     | 2 |  2.0
Invocations    | 3 5 |  5.6
Shields        | 3 5 7 9 |  9.0
Throwing       | 4 7 8 |  8.4
Armour         | 3 5 7 |  7.6
Dodging        | |  2.4
Stealth        | |  1.0

Action                   |  1- 3 |  4- 6 |  7- 9 | 10-12 | 13-15 | 16-18 || total
-------------------------+-------+-------+-------+-------+-------+-------++-------
Melee: Unarmed           |   111 |    74 |   279 |   610 |  1125 |   637 ||  2836
       Punch             |     4 |     2 |    12 |    11 |       |     1 ||    30
       Whip              |       |       |       |     7 |       |       ||     7
Throw: Javelin           |       |       |       |     3 |    29 |       ||    32
       Throwing net      |       |       |       |     1 |       |       ||     1
       Large rock        |       |       |       |       |    32 |     1 ||    33
Invok: Heroism           |       |       |     3 |    33 |    39 |    21 ||    96
       Finesse           |       |       |       |       |    17 |     4 ||    21
Evoke: Wand              |       |       |     6 |    16 |     9 |       ||    31
       Sack of spiders   |       |       |       |     2 |     1 |       ||     3
  Use: Scroll            |     1 |     6 |     7 |    16 |    11 |     9 ||    50
       Potion            |       |     2 |     2 |    12 |     5 |     4 ||    25
 Stab: Sleeping          |     1 |     4 |     2 |     2 |       |     3 ||    12
       Confused          |       |       |     1 |     2 |       |       ||     3
       Held in net/web   |       |       |       |     2 |       |       ||     2
  Eat: Chunk             |     9 |    12 |    39 |    76 |    63 |    47 ||   246
       Bread ration      |       |     1 |       |       |     1 |     2 ||     4
Armor: Robe              |    62 |    27 |    68 |   132 |   140 |       ||   429
       Quicksilver drago |       |       |       |       |    84 |   295 ||   379
Dodge: Dodged            |    68 |    28 |   104 |   245 |   264 |   236 ||   945
Block: Shield            |       |       |       |   196 |   548 |   352 ||  1096

Table legend:
 A = Spawn XP
 B = Non-spawn XP
 C = Spawn XP percentage of total XP
 D = Spawn monster count
 E = Non-spawn monster count
 F = Spawn count percentage of total count
 G = Total turns spent on level
                    A         B        C        D         E        F      G
               +---------+---------+-------+---------+---------+-------+---------
         Total |       0 |  201367 |   0.0 |       0 |     945 |   0.0 | 27638
               +---------+---------+-------+---------+---------+-------+---------
           D:1 |       0 |      60 |   0.0 |       0 |      29 |   0.0 |  1090
           D:2 |       0 |      58 |   0.0 |       0 |      16 |   0.0 |   703
           D:3 |       0 |     189 |   0.0 |       0 |      15 |   0.0 |   705
           D:4 |       0 |     536 |   0.0 |       0 |      15 |   0.0 |   864
           D:5 |       0 |     805 |   0.0 |       0 |      25 |   0.0 |   508
           D:6 |       0 |     795 |   0.0 |       0 |      16 |   0.0 |   772
           D:7 |       0 |    2202 |   0.0 |       0 |      28 |   0.0 |  1298
           D:8 |       0 |    1981 |   0.0 |       0 |      15 |   0.0 |  1496
           D:9 |       0 |    4381 |   0.0 |       0 |      52 |   0.0 |  1288
          D:10 |       0 |    8541 |   0.0 |       0 |      61 |   0.0 |  1730
          D:11 |       0 |    4507 |   0.0 |       0 |      38 |   0.0 |   816
          D:12 |       0 |    7184 |   0.0 |       0 |      41 |   0.0 |   570
          D:13 |       0 |    8715 |   0.0 |       0 |      39 |   0.0 |   865
          D:14 |       0 |    9869 |   0.0 |       0 |      30 |   0.0 |  1088
          D:15 |       0 |   12424 |   0.0 |       0 |      22 |   0.0 |   883
        Lair:1 |       0 |    3388 |   0.0 |       0 |      15 |   0.0 |   930
        Lair:2 |       0 |    2072 |   0.0 |       0 |       9 |   0.0 |   967
        Lair:3 |       0 |    5177 |   0.0 |       0 |      15 |   0.0 |   848
        Lair:4 |       0 |    6509 |   0.0 |       0 |      37 |   0.0 |  1444
        Lair:5 |       0 |   11874 |   0.0 |       0 |      32 |   0.0 |  1218
        Lair:6 |       0 |   27735 |   0.0 |       0 |      66 |   0.0 |  1501
       Swamp:1 |       0 |    9794 |   0.0 |       0 |      25 |   0.0 |  1080
       Swamp:2 |       0 |   20843 |   0.0 |       0 |      27 |   0.0 |  1008
       Swamp:3 |       0 |    8962 |   0.0 |       0 |      23 |   0.0 |   796
       Swamp:4 |       0 |    5536 |   0.0 |       0 |      11 |   0.0 |   200
         Orc:1 |       0 |   11654 |   0.0 |       0 |      68 |   0.0 |   839
         Orc:2 |       0 |   19850 |   0.0 |       0 |     139 |   0.0 |  1345
        Bailey |       0 |     443 |   0.0 |       0 |      16 |   0.0 |   157
         IceCv |       0 |    5283 |   0.0 |       0 |      20 |   0.0 |   520
               +---------+---------+-------+---------+---------+-------+---------
